 Dungeon Crawl Stone Soup version 0.23.0 (webtiles) character file.

Game seed: 16597354150874783757

263 farkougg the Chucker (level 5, 0/52 HPs)
             Began as a Troll Hunter on Feb 12, 2019.
             Was a Follower of Okawaru.
             Slain by a gnoll
             ... wielding a +0 spear
              (4 damage)
             ... on level 4 of the Dungeon.
             The game lasted 00:06:32 (1703 turns).

farkougg the Chucker (Troll Hunter)                 Turns: 1703, Time: 00:06:32

Health: 0/52       AC:  6    Str: 21    XL:     5   Next: 98%
Magic:  2/4        EV: 12    Int:  7    God:    Okawaru [*.....]
Gold:   104        SH:  0    Dex: 10    Spells: 4/4 levels left

rFire    . . .     SeeInvis .     - Unarmed
rCold    . . .     Gourm    +   (no shield)
rNeg     . . .     Faith    .   b - +0 robe
rPois    .         Spirit   .   (helmet restricted)
rElec    .         Reflect  .   (no cloak)
rCorr    .         Harm     .   (gloves unavailable)
MR       .....                  (boots unavailable)
Stlth    +++.......             (no amulet)
HPRegen  0.57/turn              (no ring)
MPRegen  0.09/turn              (no ring)

@: heroism
A: large, unfitting armour, claws 3, fast metabolism 3, gourmand, regeneration
1, shaggy fur 1, tough skin 3
a: Heroism, Renounce Religion


You were on level 4 of the Dungeon.
You worshipped Okawaru.
Okawaru was aware of your devotion.
You were completely stuffed.

You visited 1 branch of the dungeon, and saw 4 of its levels.

You collected 104 gold pieces.

Inventory:

Missiles
 c - 4 large rocks (quivered)
 d - 2 throwing nets
Armour
 b - a +0 robe (worn)
Jewellery
 k - a cursed ring of teleportation {unknown}
 p - an uncursed ring of protection from magic {unknown}
Wands
 m - a wand of random effects (15)
Scrolls
 a - 2 scrolls of identify {unknown}
 e - 2 scrolls of remove curse {unknown}
 h - 2 scrolls of blinking {unknown}
 j - a scroll of amnesia {unknown}
 n - a scroll of magic mapping {unknown}
 o - 2 scrolls of enchant armour {unknown}
 q - a scroll of fear {unknown}
Potions
 g - a potion of curing {unknown}
 i - 2 potions of lignification {unknown}
Comestibles
 f - 6 rations
 l - 3 chunks of flesh


   Skills:
 + Level 2.9(7.9) Fighting
 + Level 4.5(9.5) Throwing
 - Level 1.5(6.5) Dodging
 - Level 0.3(5.3) Stealth
 * Level 4.1(9.1) Unarmed Combat


You had 4 spell levels left.
You didn't know any spells.
Your spell library was empty.

Dungeon Overview and Level Annotations

Branches:
Dungeon (4/15)
 Temple: D:4-7

Altars:
Ashenzari
Okawaru
The Shining One


Innate Abilities, Weirdness & Mutations

You are too large for most types of armour.
You have claws for hands.
Your metabolism is lightning-fast.
You like to eat raw meat.
Your natural rate of healing is unusually fast.
You are covered in fur. (AC +1)
You have extremely tough skin. (AC +3)


Message History

* * * LOW HITPOINT WARNING * * *
You scratch the gnoll.
The gnoll is lightly wounded.
The gnoll barely misses you.
The gnoll hits you from afar with a +0 spear.
* * * LOW HITPOINT WARNING * * *
You scratch the gnoll.
The gnoll is severely wounded.
You completely miss the gnoll.
The gnoll is severely wounded.
The gnoll hits you.
* * * LOW HITPOINT WARNING * * *
The gnoll hits you but does no damage.
Okay, then.
You claw the gnoll!
You kill the gnoll!
Okawaru accepts your kill. The gnoll barely misses you.
The gnoll hits you from afar with a +0 spear.
You die...

#..........#
#..........#
#..........#
#..........#
...#....####
........<...##
###...#..##..########
#.#.#.....o##.....# #
........gg@.....#
..#..####.##.....# ..
#..# #.######## ..#
#..# #.# #.. #.# #.#
... ..


You could see 2 gnolls and an orc.

Vanquished Creatures
  An orc priest (D:3)
  2 orc wizards (D:3)
  A worker ant (D:4)
  6 adders
  2 gnolls (D:4)
  An ooze (D:3)
  3 worms
  6 orcs (D:3)
  4 giant cockroaches
  6 goblins
  10 hobgoblins
  4 jackals (D:3)
  3 quokkas
  3 bats
  2 frilled lizards
  5 kobolds (D:1)
  9 rats
68 creatures vanquished.

Notes
Turn   | Place    | Note
-------+----------+-------------------------------------------
     0 | D:1      | farkougg the Troll Hunter began the quest for the Orb.
     0 | D:1      | Reached XP level 1. HP: 19/19 MP: 0/0
   108 | D:1      | Reached skill level 1 in Unarmed Combat
   159 | D:1      | Reached XP level 2. HP: 28/28 MP: 1/1
   208 | D:2      | Found a glowing golden altar of the Shining One.
   373 | D:2      | Reached XP level 3. HP: 35/35 MP: 2/2
   752 | D:2      | Reached XP level 4. HP: 31/42 MP: 3/3
  1002 | D:3      | Found a shattered altar of Ashenzari.
  1020 | D:3      | Found a faded altar of an unknown god.
  1031 | D:3      | Became a worshipper of Warmaster Okawaru
  1031 | D:3      | Reached * piety under Okawaru
  1397 | D:3      | Reached XP level 5. HP: 35/50 MP: 4/4
  1703 | D:4      | Slain by a gnoll

Skill      XL: |  1  2  3  4  5 |
---------------+----------------+-----
Unarmed Combat | 1 2 3 4 |  4.1
Fighting       | 2 |  2.9
Throwing       | 4 |  4.5
Dodging        | |  1.5
Stealth        | |  0.3

Action                   |  1- 3 |  4- 6 || total
-------------------------+-------+-------++-------
Melee: Unarmed           |   105 |   106 ||   211
Throw: Large rock        |       |     1 ||     1
Invok: Heroism           |       |     1 ||     1
  Eat: Chunk             |    12 |     9 ||    21
Armor: Robe              |    44 |    27 ||    71
Dodge: Dodged            |    71 |    42 ||   113
